 Dungeon Crawl Stone Soup version 0.30-a0-422-g946f4849ff (webtiles) character file.

Game seed: 11107539128936455573

66 McMuffin the Digger (level 4, -1/24 HPs)
             Began as a Gargoyle Earth Elementalist on Dec 8, 2022.
             Killed from afar by Sigmund (8 damage)
             ... with a puff of flame
             ... on level 3 of the Dungeon.
             The game lasted 00:14:38 (1785 turns).

McMuffin the Digger (Gargoyle Earth Elementalist)   Turns: 1785, Time: 00:14:39

Health: -1/24      AC:  6    Str: 12    XL:     4   Next: 15%
Magic:  8/8        EV: 12    Int: 17    God:
Gold:   107        SH:  0    Dex: 16    Spells: 5/9 levels left

rFire   . . .      SeeInvis .    m - staff of earth
rCold   . . .      Faith    .    (no shield)
rNeg    + . .      Spirit   .    l - +0 leather armour
rPois   ∞          Reflect  .    (no helmet)
rElec   +          Harm     .    (no cloak)
rCorr   .          Rampage  .    (no gloves)
Will    .....                    (no boots)
Stlth   +.........               (no amulet)
HPRegen 0.24/turn                o - +6 ring of dexterity
MPRegen 0.11/turn                (no ring)

@: confused, very slightly contaminated
A: sickness immunity, AC +3, negative energy resistance 1, electricity
resistance, torment resistance 1, petrification resistance
a: no special abilities


You were on level 3 of the Dungeon.
You visited 1 branch of the dungeon, and saw 3 of its levels.

You collected 107 gold pieces.

Inventory:

Hand Weapons
 e - a +0 short sword
 g - a +2 short sword of draining
Armour
 a - a +0 robe
 l - a +0 leather armour (worn)
Magical Staves
 m - a staff of earth (weapon)
Jewellery
 o - a +6 ring of dexterity (left hand)
Scrolls
 h - a scroll of teleportation {unknown}
 i - 4 scrolls of summoning {unknown}
 j - 2 scrolls of brand weapon {unknown}
 n - a scroll of identify {unknown}
 q - a scroll of enchant armour {unknown}
Potions
 c - a potion of degeneration {unknown}
 d - a potion of lignification {unknown}
 f - 4 potions of mutation {unknown}
 k - 2 potions of flight {unknown}
 p - 2 potions of curing {unknown}


   Skills:
 + Level 0.5 Armour
 + Level 1.8 Dodging
 + Level 2.6 Stealth
 + Level 3.0 Spellcasting
 + Level 0.1 Conjurations
 + Level 0.7 Transmutations
 + Level 4.4 Earth Magic


You had 5 spell levels left.
You knew the following spells:

 Your Spells              Type           Power      Damage    Failure   Level
a - Sandblast             Erth           52%        2d12      3%          1
b - Stone Arrow           Conj/Erth      30%        3d8       26%         3

Your spell library contained the following spells:

 Spells                   Type           Power      Damage    Failure   Level
 Passwall                 Tmut/Erth      14%        N/A       12%         2
 Ensorcelled Hibernation  Hex/Ice        4%         N/A       32%         2
 Spider Form              Tmut/Pois      3%         N/A       50%         3
 Vhi's Electric Charge    Tloc/Air       4%         N/A       54%         3
 Petrify                  Tmut/Erth      17%        N/A       58%         4
 Anguish                  Hex/Necr       1%         N/A       91%         4
 Arcjolt                  Conj/Air       1%         1d11      99%         5
 Maxwell's Capacitive Co  Air            1%         ∞         100%        8


Dungeon Overview and Level Annotations

Branches:
Dungeon (3/15)

Altars:

Annotations:
D:3 Sigmund


Innate Abilities, Weirdness & Mutations

You are immune to sickness and miasma.
Your stone body is resilient. (AC +3)
You are immune to poison.
You resist negative energy. (rN+)
You are resistant to electric shocks. (rElec)
You are resistant to unholy torment.
You are immune to petrification.


Message History

The spell is extremely dangerous to miscast (26% risk of failure)!
Continue anyway?
Aiming: Stone Arrow (extremely dangerous; 26% risk of failure)
Press: ? - help, Shift-Dir - straight line, f/p - Sigmund
Aim: Sigmund, wielding a +0 scythe, wearing a +0 robe and carrying a wand of flame (16) (asleep, 100% to hit)
You feel a surge of power!
You miscast Stone Arrow.
You are very lightly contaminated with residual magic.
You are blasted with magical energy!
Sigmund shouts!
Casting: Stone Arrow (extremely dangerous; 26% risk of failure)
Confirm with . or Enter, or press ? or * to list all spells.
The spell is extremely dangerous to miscast (26% risk of failure)!
Continue anyway?
Uppercase [Y]es or [N]o only, please.
The spell is extremely dangerous to miscast (26% risk of failure)!
Continue anyway?
Aiming: Stone Arrow (extremely dangerous; 26% risk of failure)
Press: ? - help, Shift-Dir - straight line, f/p - Sigmund
Aim: Sigmund, wielding a +0 scythe, wearing a +0 robe and carrying a wand of flame (16) (64% to hit)
You feel a surge of power!
The stone arrow hits Sigmund!
Sigmund is heavily wounded.
Sigmund points at you and mumbles some strange words.
You resist with some effort. Magic courses through your body.
Sigmund casts a spell at you.
You are confused.
You're too confused to cast spells.
You bump into the rock wall.
Sigmund barely misses you. Sigmund casts a spell at you.
You are more confused.
Sigmund attacks as you move away! Sigmund hits you with a +0 scythe.
You bump into the rock wall.
Sigmund flickers, as though insubstantial.
Sigmund barely misses you.
You bump into the rock wall.
Sigmund hits you but does no damage.
You bump into the rock wall.
You bump into the rock wall.
Sigmund says, "Don't worry, I'll kill you fast."
Sigmund points at you and mumbles some strange words.
The puff of flame hits you!
* * * LOW HITPOINT WARNING * * *
You bump into the rock wall.
Sigmund zaps a wand.
The puff of flame hits you!
You die...

# # # .#.
#.# ###
#.# #..
#.# ##..
#.# #...
#.# ##...
######@#
#....
#...@..#
#..#..#.
#.######
#.......
#.########
#######.
#........#
#.
########.#
#. #.# #)
#.# #. #.#
#####. #.#
#.....


You could see Sigmund.

Vanquished Creatures
  An adder (D:2)
  A worm (D:2)
  3 dart slugs
  5 ball pythons
  3 bats (D:2)
  4 endoplasms
  2 giant cockroaches
  6 goblins
  5 hobgoblins
  2 quokkas (D:1)
  5 kobolds
  6 rats (D:1)
43 creatures vanquished.

Notes
Turn   | Place    | Note
-------+----------+-------------------------------------------
     0 | D:1      | McMuffin the Gargoyle Earth Elementalist began the quest
                  | for the Orb.
     0 | D:1      | Reached XP level 1. HP: 10/10 MP: 3/3
   169 | D:1      | Reached XP level 2. HP: 15/15 MP: 0/5
   508 | D:1      | Reached skill level 4 in Earth Magic
   616 | D:1      | Reached XP level 3. HP: 19/19 MP: 2/6
  1032 | D:2      | Learned a level 3 spell: Stone Arrow
  1393 | D:2      | Reached XP level 4. HP: 20/24 MP: 5/8
  1645 | D:3      | Noticed Sigmund
  1785 | D:3      | Killed from afar by Sigmund

Illustrated notes

Levels and vault maps discovered:
D:1:      beargit_arrival_diablo_church, layout_loops_corners
D:2:      layout_rooms, hangedman_decor_clover_reticule
D:3:      layout_loops_ring, dreamdust_ecumenical_altar_statues,
          minmay_misc_feat_x, uniq_natasha, uniq_sigmund

Skill      XL: |  1  2  3 |
---------------+----------+-----
Earth Magic    | 4 |  4.4
Spellcasting   | 3 |  3.0
Armour         | |  0.5
Dodging        | |  1.8
Stealth        | |  2.6
Conjurations   | |  0.1
Transmutations | |  0.7

Action                   |  1- 3 |  4- 6 || total
-------------------------+-------+-------++-------
Melee: Unarmed           |     1 |       ||     1
       Short sword       |     3 |       ||     3
       Staff             |    11 |       ||    11
       Punch             |     1 |       ||     1
 Cast: Sandblast         |    41 |     4 ||    45
       Stone Arrow       |     4 |     4 ||     8
  Use: Potion            |       |     1 ||     1
Armor: Robe              |     3 |       ||     3
       Leather armour    |    14 |     4 ||    18
Dodge: Dodged            |    29 |     3 ||    32

Table legend: (Time is in decaauts)
 A = Elapsed time spent in this place.
 B = Non-inter-level travel time spent in this place.
 C = Inter-level travel time spent in this place.
 D = Time resting spent in this place.
 E = Time spent auto-exploring this place.
 F = Levels seen in this place.
 G = Mean time per level.
                   A        B        C        D        E       F      G
               +--------+--------+--------+--------+--------+-----+--------+
         Total |   1807 |   1724 |     83 |    201 |      0 |   3 |  602.3 |
       Dungeon |   1807 |   1724 |     83 |    201 |      0 |   3 |  602.3 |
               +--------+--------+--------+--------+--------+-----+--------+

Top non-repeatable levels by time:
     D:1: 934 daAuts
     D:2: 591 daAuts
     D:3: 282 daAuts
